 Dungeon Crawl Stone Soup version 0.31-a0-162-gc4c5a43528 (webtiles) character file.

Game seed: 14886550928114625286

98 qw the Chopper (level 4, -1/28 HPs)
             Began as a Gargoyle Fighter on June 12, 2023.
             Slain by an orc
             ... wielding a +0 whip
              (3 damage)
             ... on level 3 of the Dungeon.
             The game lasted 00:00:58 (1371 turns).

qw the Chopper (Gargoyle Fighter)                   Turns: 1371, Time: 00:00:58

Health: -1/28      AC: 11    Str: 21    XL:     4   Next: 69%
Magic:  4/4        EV:  9    Int:  9    God:
Gold:   95         SH:  4    Dex:  9    Spells: 3/3 levels left

rFire   . . .        Y - +1 war axe
rCold   . . .        c - +0 buckler
rNeg    + . .        b - +0 scale mail
rPois   inf          (no helmet)
rElec   +            (no cloak)
rCorr   .            i - +0 pair of gloves
SInv    .            (no boots)
Will    .....        (no amulet) Stlth
                     (no ring)
HPRegen 0.24/turn    (no ring)
MPRegen 0.09/turn

%: no passive effects
@: no status effects
A: sickness immunity, AC +3, negative energy resistance 1, electricity
resistance, torment resistance 1, petrification resistance
a: no special abilities


You were on level 3 of the Dungeon.
You visited 1 branch of the dungeon, and saw 3 of its levels.

You collected 95 gold pieces.


Innate Abilities, Weirdness & Mutations

You are immune to sickness and miasma.
Your stone body is resilient. (AC +3)
You are immune to poison.
You resist negative energy. (rN+)
You are resistant to electric shocks. (rElec)
You are resistant to unholy torment.
You are immune to petrification.


   Skills:
 - Level 3.2 Fighting
 + Level 4.3 Axes
 - Level 3.2 Armour
 - Level 3.2 Shields


You had 3 spell levels left.
You didn't know any spells.
Your spell library was empty.

Inventory:

Hand Weapons
 l - a +0 mace
 Y - a +1 war axe (weapon)
Armour
 b - a +0 scale mail (worn)
 c - a +0 buckler (worn)
 i - a +0 pair of gloves (worn)
Scrolls
 a - a scroll of identify
Potions
 d - 2 potions of might
 j - a potion of haste
 m - a potion of cancellation {unknown}

Dungeon Overview and Level Annotations

Branches:
Dungeon (3/15)

Altars:

Annotations:
D:3 Grinder


Message History

Enter note:
Enter note: The kobold throws a stone.
You block the stone.
You barely miss the kobold.
The kobold hits you but does no damage. x2
You slash the kobold!
You kill the kobold!
You barely miss the orc.
The orc is moderately wounded.
You closely miss the orc. The orc hits you but does no damage. x2
You completely miss the orc.
The orc is lightly wounded.
You hit the orc. The orc hits you with a +0 dagger. The orc closely misses you.
The orc hits you but does no damage. x2
You barely miss the orc.
The orc is heavily wounded.
You barely miss the orc. The orc closely misses you. The orc barely misses you.
You barely miss the orc.
The orc is heavily wounded.
You barely miss the orc.
The orc hits you but does no damage. x2; The orc barely misses you.
The orc hits you with a +0 dagger. You block the orc's attack.
You closely miss the orc.
The orc is heavily wounded.
You barely miss the orc. You hit the orc.
The orc hits you but does no damage. x2; You block the orc's attack.
You slash the orc!
You kill the orc!
You barely miss the orc. You slash the orc!
You kill the orc!
The orc hits you but does no damage.
You hit the orc.
The orc is almost dead.
You barely miss the orc. The orc hits you with a +0 whip.
The orc hits you with a +0 dagger. The orc hits you with a +0 whip.
You die...

.. #......)...# ..
..#..#.....)....#
..
#....#..........#
..
#....#.K........#
..
#..............##
. #......#......##
.
.###........######
. .......?o##. .
....#..o@## ##
#.....)..#..#
##.###....#.#
#..........#
..>.####.....# ##
####..# #..# #.#
.#


You could see 2 orcs.

Vanquished Creatures
  Terence (D:2)
  2 worms (D:2)
  3 dart slugs
  5 orcs (D:3)
  5 bats
  3 endoplasms
  3 giant cockroaches
  7 goblins
  7 hobgoblins
  A quokka (D:1)
  4 ball pythons
  3 frilled lizards
  5 kobolds
  3 rats
52 creatures vanquished.

Notes
Turn   | Place    | Note
-------+----------+-------------------------------------------
     0 | D:1      | qw the Gargoyle Fighter began the quest for the Orb.
     0 | D:1      | Reached XP level 1. HP: 14/14 MP: 1/1
     0 | D:1      | 0 ||| qw: Version: 0.2-a-29-gc1b59c4
     0 | D:1      | 0 ||| qw: Game counter: 4354
     0 | D:1      | 0 ||| qw: Always use a shield: true
     0 | D:1      | 0 ||| qw: God list: Okawaru
     0 | D:1      | 0 ||| qw: Allow faded altars: false
     0 | D:1      | 0 ||| qw: Do Orc after D:15 true
     0 | D:1      | 0 ||| qw: Do second Lair branch before Depths: true
     0 | D:1      | 0 ||| qw: Lair rune preference: random
     0 | D:1      | 0 ||| qw: Plans: Normal, Zot:1-4, Slime:5, God:TSO, Crypt,
                  | Tomb, Abyss, Pan, Hells, Win
     0 | D:1      | 0 ||| PLANNING D:1-11
   111 | D:1      | 111 ||| Stepping ~*~*~tactically~*~*~ (stealth).
   119 | D:1      | Reached skill level 2 in Axes
   182 | D:1      | Reached XP level 2. HP: 19/19 MP: 2/2
   419 | D:1      | Reached skill level 3 in Axes
   455 | D:1      | Reached XP level 3. HP: 23/23 MP: 3/3
   616 | D:1      | 616 ||| READING 2 scrolls labelled EJE KOTHRINAWOU.
   617 | D:1      | 617 ||| READING 2 scrolls labelled GORIFIN WUEX.
   621 | D:1      | 621 ||| READING scroll labelled WUITO GEBAH.
   622 | D:1      | 622 ||| READING scroll labelled KEWKAOFYATI.
   651 | D:2      | 651 ||| DROPPING +0 club.
   767 | D:2      | Found a faded altar of an unknown god.
   814 | D:2      | Noticed Terence
   832 | D:2      | Killed Terence
   833 | D:2      | Reached skill level 4 in Axes
   833 | D:2      | Reached XP level 4. HP: 16/28 MP: 4/4
   884 | D:2      | 884 ||| DROPPING +0 whip.
   892 | D:2      | 892 ||| Stepping ~*~*~tactically~*~*~ (hiding).
  1143 | D:2      | 1143 ||| Stepping ~*~*~tactically~*~*~ (stealth).
  1281 | D:2      | 1281 ||| UPGRADING to +0 pair of gloves.
  1286 | D:2      | 1286 ||| READING scroll labelled GUOSET TIALOMM.
  1287 | D:2      | 1287 ||| READING scroll labelled OGUIF NOPU.
  1288 | D:2      | 1288 ||| READING scroll labelled LOIGEA MEZXAC.
  1289 | D:2      | 1289 ||| READING scroll labelled JUIBABBOTWO.
  1290 | D:2      | 1290 ||| READING 2 scrolls of identify.
  1290 | D:2      | 1290 ||| IDENTIFYING viscous pink potion
  1318 | D:3      | Noticed Grinder
  1324 | D:3      | Paralysed by Grinder for 2 turns
  1331 | D:3      | HP: 6/28 [Grinder (8)]
  1332 | D:3      | 1332 ||| READING 3 scrolls of teleportation.
  1333 | D:3      | HP: 1/28 [Grinder/nerve-wracking pain (6)]
  1344 | D:3      | 1344 ||| READING 2 scrolls of teleportation.
  1347 | D:3      | 1347 ||| READING scroll of teleportation.
  1347 | D:3      | HP: 1/28 [goblin/+0 dagger (3)]
  1356 | D:3      | 1356 ||| Stepping ~*~*~tactically~*~*~ (hiding).
  1357 | D:3      | 1357 ||| Stepping ~*~*~tactically~*~*~ (hiding).
  1358 | D:3      | 1358 ||| Stepping ~*~*~tactically~*~*~ (hiding).
  1360 | D:3      | 1360 ||| Stepping ~*~*~tactically~*~*~ (hiding).
  1366 | D:3      | HP: 4/28 [orc/+0 dagger (3)]
  1371 | D:3      | HP: 3/28 [orc/+0 whip (1)]
  1371 | D:3      | Slain by an orc

Levels and vault maps discovered:
D:1:      lemuel_arrival_funnel, layout_loops_ring
D:2:      layout_rooms, ebering_ecumenical_altar_hall, minmay_stone_trees_small,
          minmay_three_crescents, uniq_terence
D:3:      layout_rooms, kennysheep_pointless_box, uniq_grinder

Skill      XL: |  1  2  3 |
---------------+----------+-----
Axes           | 2 3 4 |  4.3
Fighting       | |  3.2
Armour         | |  3.2
Shields        | |  3.2

Action                     |  1- 3 |  4- 6 || total
---------------------------+-------+-------++-------
  Melee: War axe           |    95 |    54 ||   149
    Use: Scroll            |     4 |     8 ||    12
 Armour: Scale mail        |    46 |    35 ||    81
  Dodge: Dodged            |    33 |    25 ||    58
  Block: Buckler           |    26 |    11 ||    37

Table legend:
 A = Non-vault XP
 B = Vault XP
 C = Vault XP percentage of total XP
 D = Non-vault monster count
 E = Vault monster count
 F = Vault count percentage of total count
                 A         B        C        D         E       F
            +---------+---------+-------+---------+---------+-------
      Total |      95 |      45 |  32.1 |      45 |       7 |  13.5
            +---------+---------+-------+---------+---------+-------
        D:1 |      39 |       0 |   0.0 |      22 |       0 |   0.0
        D:2 |      32 |      45 |  58.4 |      13 |       7 |  35.0
        D:3 |      24 |       0 |   0.0 |      10 |       0 |   0.0
            +---------+---------+-------+---------+---------+-------
